[Event "*** SCC Grand Prix: Titled Tuesday Blitz"]
[Site "Chess.com"]
[Date "2020.08.25"]
[Round "5"]
[White "Fortitudine"]
[Black "Poghosyan_Suren"]
[Result "1-0"]
[WhiteElo "2241"]
[BlackElo "2403"]
[TimeControl "180+1"]
[EndTime "10:57:00 PDT"]
[Termination "Fortitudine won on time"]

1. c4 c5 2. g3 g6 3. Bg2 Bg7 4. Nc3 Nc6 5. e4 d6 6. d3 h5 7. h4 Bg4 8. f3 Be6 9. Nge2 Nf6 10.
Nf4 Qd7 11. Ncd5 Bxd5 12. cxd5 Nd4 13. O-O O-O 14. Be3 Nh7 15. Rc1 Qb5 16. b3 a5 17.
Rc4 Qa6 18. Kh2 b5 19. Rc1 a4 20. Ne2 Nxe2 21. Qxe2 axb3 22. axb3 Qa2 23. Qd1 Ra3 24. Rb1 Ra6 25. Rf2 Qa5 26. Rc2 b4 27. d4 Rc8 28.
Rbc1 1-0

[Event "*** SCC Grand Prix: Titled Tuesday Blitz"]
[Site "Chess.com"]
[Date "2020.08.25"]
[Round "5"]
[White "marcocordeiro2013"]
[Black "Gerodot71"]
[Result "0-1"]
[WhiteElo "2222"]
[BlackElo "2415"]
[TimeControl "180+1"]
[EndTime "10:57:00 PDT"]
[Termination "Gerodot71 won by checkmate"]

1. d4 Nf6 2. c4 e6 3. Nc3 Bb4 4.
f3 d5 5. e3 O-O 6. Bd3 a6 7. a3 Be7 8. Nge2 dxc4 9. Bxc4 b5 10. Bd3 Bb7 11. O-O Nbd7 12. e4 c5 13. Be3 cxd4 14.
Nxd4 Ne5 15. Be2 Bc5 16. b4 Bb6 17. Rc1 Rc8 18. Qd2 Nc4 19. Bxc4 Rxc4 20. Rfd1 Qe7 21.
Nb3 Bxe3+ 22. Qxe3 Nd7 23. Na5 Bc8 24. Nxc4 bxc4 25. Qa7 Qg5 26. Ne2 Nf6 27. Rxc4 Qb5 28. Qc5 Qa4 29. Rd3 Nd7 30. Qxc8 Rxc8 31. Rxc8+ Nf8 32.
Rdd8 g6 33. Rxf8+ Kg7 34. Rfd8 Qxa3 35. Rd7 Qxb4 36. Kf2 Qb6+ 37. Kg3 Qe3 38. Nf4 e5 39. Nd5 Qe1+ 40. Kh3 g5 41. g3 h5 42. Rcc7 Qf1# 0-1

[Event "*** SCC Grand Prix: Titled Tuesday Blitz"]
[Site "Chess.com"]
[Date "2020.08.25"]
[Round "5"]
[White "BillieKimbah"]
[Black "Gabrielian_Artur"]
[Result "1-0"]
[WhiteElo "2886"]
[BlackElo "2719"]
[TimeControl "180+1"]
[EndTime "10:57:02 PDT"]
[Termination "BillieKimbah won on time"]

1. d4 Nf6 2. Nf3 g6 3. g3 Bg7 4. Bg2 O-O 5. O-O d6 6. Re1 Nc6 7. d5 Nb4 8. e4 c5 9. c4 Bg4 10. Nc3 Nd7 11. h3 Bxf3 12. Bxf3 Na6 13. Bg5 Nc7 14.
Qd2 a6 15. a4 Rb8 16. a5 b6 17.
axb6 Rxb6 18. Be2 Re8 19. Reb1 Rb4 20. b3 Qb8 21. Ra3 Ne5 22. Be3 e6 23. Kg2 exd5 24.
exd5 f5 25. Qc2 Nd7 26. Bd2 Rb7 27. Bf1 Qd8 28. Ne2 Ne5 29. Nf4 Qb8 30. Re1 Bf6 31.
Ba5 Re7 32. Bxc7 Rbxc7 33. Rxa6 Rb7 34. Re3 h5 35. h4 Kh7 36. Be2 Qc7 37. Bxh5 gxh5 38.
Qxf5+ Kg7 39. Nxh5+ 1-0

[Event "*** SCC Grand Prix: Titled Tuesday Blitz"]
[Site "Chess.com"]
[Date "2020.08.25"]
[Round "5"]
[White "Siniauski"]
[Black "catalin009"]
[Result "1-0"]
[WhiteElo "2512"]
[BlackElo "2363"]
[TimeControl "180+1"]
[EndTime "10:57:03 PDT"]
[Termination "Siniauski won by resignation"]

1. e4 c6 2. d4 d5 3. Nc3 dxe4 4. Nxe4 Nf6 5. Nxf6+ exf6 6. c3 Bd6 7. Bd3 O-O 8. Qc2 h5 9. Be3 Nd7 10. Ne2 Re8 11. O-O Nf8 12. h3 Qc7 13. c4 c5 14.
d5 Bd7 15. Nc3 b6 16. Ne4 Bh2+ 17. Kh1 f5 18. Ng5 Be5 19. Bxf5 Bxf5 20. Qxf5 Bxb2 21. Rad1 Qe5 22. Qxf7+ Kh8 23. Qxh5+ Kg8 24. Qf7+ Kh8 25. d6 Rad8 26. d7 Re7 27. Qxf8+ Rxf8 28. d8=Q Rxd8 29. Rxd8+ Re8 30. Nf7+ Kh7 1-0

[Event "*** SCC Grand Prix: Titled Tuesday Blitz"]
[Site "Chess.com"]
[Date "2020.08.25"]
[Round "5"]
[White "Pikachess999"]
[Black "BJthechessgod"]
[Result "1-0"]
[WhiteElo "2385"]
[BlackElo "2210"]
[TimeControl "180+1"]
[EndTime "10:57:03 PDT"]
[Termination "Pikachess999 won by checkmate"]

1. e4 c5 2. a3 Nc6 3. b4 cxb4 4.
axb4 Nxb4 5. c3 Nc6 6. d4 e6 7. d5 Nce7 8. Nf3 Ng6 9. Na3 Bxa3 10. Bxa3 Nf6 11. Qd4 d6 12. dxe6 Bxe6 13. Bxd6 a6 14. e5 Nd7 15. Bd3 Qb6 16. Qa4 O-O-O 17. O-O Nc5 18.
Qd4 Nd7 19. Rfb1 Qxd4 20. cxd4 Bd5 21. Rc1+ Bc6 22. d5 Ndxe5 23. Bf5+ Rd7 24. dxc6 Nxc6 25. Bxd7+ Kxd7 26. Bg3 Re8 27. Rd1+ Kc8 28. Nd4 Nxd4 29. Rxd4 f5 30. Rc1# 1-0

[Event "*** SCC Grand Prix: Titled Tuesday Blitz"]
[Site "Chess.com"]
[Date "2020.08.25"]
[Round "5"]
[White "Volodar_Murzin"]
[Black "AttackSparrow"]
[Result "0-1"]
[WhiteElo "2653"]
[BlackElo "2402"]
[TimeControl "180+1"]
[EndTime "10:57:04 PDT"]
[Termination "AttackSparrow won by resignation"]

1. e4 c5 2. Nf3 e6 3. g3 Nc6 4.
Bg2 h5 5. h3 Qc7 6. Qe2 Be7 7.
O-O b6 8. Rd1 Bb7 9. c4 h4 10.
g4 Nd4 11. Nxd4 cxd4 12. d3 Bd6 13. Nd2 Bh2+ 14. Kh1 Bf4 15. Nf3 Bxc1 16. Raxc1 e5 17. Qd2 Ne7 18. Ng1 Ng6 19. Ne2 a5 20. Rf1 Nf4 21. Nxf4 exf4 22. e5 f3 23. Rfe1 fxg2+ 24. Kg1 Qc6 25. Re4 Qc5 26. Ree1 O-O 27. Qf4 f6 28. e6 dxe6 29. Rxe6 Rae8 30. Rce1 Rxe6 31.
Rxe6 Kf7 32. Re1 Re8 33. Rxe8 Kxe8 34. Qb8+ Bc8 35. Kxg2 Qc6+ 36. f3 Kf7 37. Qf4 Bb7 38. Kf2 Qc5 39. a3 Qe5 40. Qd2 Qh2+ 41. Ke1 Qh1+ 42.
Ke2 Bxf3+ 0-1

[Event "*** SCC Grand Prix: Titled Tuesday Blitz"]
[Site "Chess.com"]
[Date "2020.08.25"]
[Round "5"]
[White "reutik"]
[Black "2346PL"]
[Result "1-0"]
[WhiteElo "2289"]
[BlackElo "2459"]
[TimeControl "180+1"]
[EndTime "10:57:04 PDT"]
[Termination "reutik won by resignation"]

1. d4 f5 2. c4 Nf6 3. g3 g6 4.
Bg2 Bg7 5. Nc3 O-O 6. Nh3 e6 7. O-O d6 8. Nf4 c6 9. e4 e5 10. dxe5 dxe5 11. Nd3 Qc7 12. Qe2 fxe4 13. Nxe4 Nxe4 14.
Bxe4 Be6 15. b3 Nd7 16. Bb2 Rae8 17. Rfe1 Bf5 18. Rad1 Rf7 19. Bg2 Bxd3 20. Rxd3 Ref8 21. Rf1 Nc5 22. Re3 Re8 23. Re1 Nd7 24. Bh3 Rfe7 25.
Ba3 c5 26. Bb2 b6 27. Bg2 Kh8 28. Bd5 Qd6 29. Rd1 Qc7 30. Be4 Nf6 31. Red3 Rd8 32. Rxd8+ Ne8 33. Qd3 Bf6 34. Rd7 Rxd7 35. Qxd7 Qb8 36.
Bc6 Ng7 37. Qf7 Bg5 38. Rd7 Bh6 39. Re7 Qd8 40. Bxe5 Qg8 41. Re8 1-0

[Event "*** SCC Grand Prix: Titled Tuesday Blitz"]
[Site "Chess.com"]
[Date "2020.08.25"]
[Round "5"]
[White "GlennTipton"]
[Black "PauloCesarCosta_sad"]
[Result "1-0"]
[WhiteElo "2436"]
[BlackElo "2269"]
[TimeControl "180+1"]
[EndTime "10:57:04 PDT"]
[Termination "GlennTipton won on time"]

1. e4 e6 2. b3 c5 3. Bb2 Nc6 4. Nf3 d6 5. d4 cxd4 6. Nxd4 Nf6 7. Bd3 Be7 8. O-O O-O 9. c4 Qb6 10. Nxc6 Qxc6 11. Nc3 b6 12. f4 Bb7 13. Rf3 Rad8 14. Rg3 Qc5+ 15. Kh1 g6 16. Qe2 Qh5 17. Qf1 Ng4 18.
Rh3 Qc5 19. Nd1 Bf6 20. Rb1 Bxb2 21. Rxb2 d5 22. cxd5 exd5 23. e5 d4 24. f5 Qxe5 25. Re2 Qd5 26. Qf4 h5 27. Rxh5 gxh5 28. Qg5+ Kh8 29.
Qxh5+ Kg8 30. Qxg4+ Kh8 31. Qh4+ Kg8 32. f6 1-0

[Event "*** SCC Grand Prix: Titled Tuesday Blitz"]
[Site "Chess.com"]
[Date "2020.08.25"]
[Round "5"]
[White "Azoulas1"]
[Black "MrrRefrao"]
[Result "0-1"]
[WhiteElo "1952"]
[BlackElo "2197"]
[TimeControl "180+1"]
[EndTime "10:57:04 PDT"]
[Termination "MrrRefrao won by checkmate"]

1. e4 c5 2. Nf3 d6 3. Bb5+ Nd7 4. Ba4 Nf6 5. O-O a6 6. c4 g6 7.
Bc2 Bg7 8. d4 O-O 9. Nc3 Rb8 10.
Re1 cxd4 11. Nxd4 Ne5 12. b3 Bd7 13. Bb2 b5 14. cxb5 axb5 15. f4 b4 16. fxe5 dxe5 17. Nf3 bxc3 18. Bxc3 Qb6+ 19. Kf1 Ng4 20. Re2 Bb5 21. Bd3 Rbd8 22. h3 Ne3+ 23. Rxe3 Qxe3 24. Bxb5 Rxd1+ 25. Rxd1 Qxc3 26. Bc4 e6 27. a4 Bh6 28.
Kg1 Qe3+ 29. Kh1 Qxe4 30. a5 Qc2 31. Ra1 e4 32. Nd4 Qc3 33. Rd1 Qxa5 34. Nc6 Qc5 35. Nd4 e3 36. Ne2 Qe5 37. Kg1 Bg5 38. g3 Be7 39. h4 Bb4 40. Kg2 Bd2 41. Ra1 Qe4+ 42. Kh2 Rc8 43. Ra4 Qf3 44. Ba6 Qf2+ 45. Kh3 Rc2 46.
Bd3 Rc3 47. Ra8+ Kg7 48. Bb5 Rxb3 49. Bc4 Rb1 50. Bd3 Rh1+ 51. Kg4 h5+ 52. Kg5 f6# 0-1

[Event "*** SCC Grand Prix: Titled Tuesday Blitz"]
[Site "Chess.com"]
[Date "2020.08.25"]
[Round "5"]
[White "m_ezat"]
[Black "VincentKeymer"]
[Result "0-1"]
[WhiteElo "2561"]
[BlackElo "2804"]
[TimeControl "180+1"]
[EndTime "10:57:05 PDT"]
[Termination "VincentKeymer won on time"]

1. d4 Nf6 2. c4 e6 3. Nc3 Bb4 4. e3 O-O 5. a3 Bxc3+ 6. bxc3 c5 7. Bd3 Nc6 8. Ne2 b6 9. O-O Ba6 10. e4 Ne8 11. Ng3 Na5 12. f4 Bxc4 13. Bxc4 Nxc4 14. f5 cxd4 15. cxd4 Rc8 16. f6 gxf6 17. Bh6 Qe7 18. Nh5 Kh8 19. Bxf8 Qxf8 20. Nxf6 Ne3 21. Qh5 Qg7 22. Rf2 Nxf6 23. Qf3 Nfg4 24. Re2 Qxd4 25.
Rb1 Nd1+ 26. Kh1 Ngf2+ 27. Rxf2 Nxf2+ 28. Kg1 Nxe4+ 29. Kf1 Nd2+ 0-1

[Event "*** SCC Grand Prix: Titled Tuesday Blitz"]
[Site "Chess.com"]
[Date "2020.08.25"]
[Round "5"]
[White "bsnsun"]
[Black "DrMamaliga"]
[Result "1-0"]
[WhiteElo "2410"]
[BlackElo "2217"]
[TimeControl "180+1"]
[EndTime "10:57:06 PDT"]
[Termination "bsnsun won on time"]

1. d4 Nf6 2. c4 e6 3. Nc3 Bb4 4. Qc2 O-O 5. a3 Bxc3+ 6. Qxc3 b5 7. cxb5 c6 8. e3 cxb5 9. Bxb5 Bb7 10. Nf3 Qb6 11.
Be2 Rc8 12. Qb4 Qxb4+ 13. axb4 Nc6 14. Bd2 Ne4 15. Bc3 Ne7 16. O-O Nxc3 17. bxc3 Rxc3 18. Rfc1 Rxc1+ 19. Rxc1 Rc8 20. Ra1 a6 21. h3 Nd5 22.
Ne5 d6 23. Nc4 Rd8 24. Na5 Bc8 25. Nc6 Re8 26. Bxa6 Bd7 27. Bb7 g6 28. b5 Nb6 29.
Ra6 Nc4 30. b6 Bxc6 31. Bxc6 Rb8 32. b7 1-0

[Event "*** SCC Grand Prix: Titled Tuesday Blitz"]
[Site "Chess.com"]
[Date "2020.08.25"]
[Round "5"]
[White "DarZay"]
[Black "milenapn"]
[Result "1/2-1/2"]
[WhiteElo "2205"]
[BlackElo "1969"]
[TimeControl "180+1"]
[EndTime "10:57:06 PDT"]
[Termination "Game drawn by agreement"]

1. e4 e5 2. Nf3 Nc6 3. Bc4 Bc5 4. d3 Nf6 5. Be3 Bb6 6. Nc3 d6 7.
O-O h6 8. Bxb6 axb6 9. Nd5 Nxd5 10. Bxd5 Ne7 11. Bb3 Ng6 12. Qd2 O-O 13. d4 Qe7 14. dxe5 dxe5 15. Qe3 Be6 16. Rad1 Rfd8 17. Nd2 Nf4 18.
Nc4 Qg5 19. g3 Bxc4 20. Bxc4 Nh3+ 21. Kg2 Qxe3 22. fxe3 Ng5 23. Rxd8+ Rxd8 24. h4 Ne6 25. Bxe6 fxe6 26. Kf3 Rd2 27. Rf2 Rd1 28. c4 Rd7 29.
Ke2 g6 30. g4 Kg7 31. b3 g5 32. h5 Rd8 33. Rf1 Ra8 34. a4 Rd8 35. Rd1 Rxd1 36. Kxd1 Kf7 37. Kd2 Ke7 38. Kc3 c5 39. b4 Kd6 40. b5 Kc7 41. Kc2 Kb8 42. Kb3 Kc7 43. Ka3 Kb8 44. a5 Ka7 45. axb6+ Kxb6 46. Ka4 Ka7 47.
Ka5 b6+ 48. Ka4 Kb7 49. Kb3 Kc7 50. Kc3 Kd7 51. Kd3 Kc7 52. Kd2 Kb7 53. Ke2 Kc7 54.
Kd2 Kb7 1/2-1/2

[Event "*** SCC Grand Prix: Titled Tuesday Blitz"]
[Site "Chess.com"]
[Date "2020.08.25"]
[Round "5"]
[White "VladimirBugayev"]
[Black "isainz"]
[Result "0-1"]
[WhiteElo "2287"]
[BlackElo "2122"]
[TimeControl "180+1"]
[EndTime "10:57:07 PDT"]
[Termination "isainz won on time"]

1. e4 c5 2. a3 g6 3. h4 h5 4. Nc3 Bg7 5. Bc4 Nc6 6. d3 Bxc3+ 7. bxc3 Qa5 8. Bd2 Nf6 9. Nf3 b5 10. Bd5 Qc7 11. Qe2 d6 12. Ng5 Nxd5 13. exd5 Ne5 14. Bf4 Qa5 15. Bxe5 dxe5 16. Kd2 Bf5 17. f3 Qa4 18. Qxe5 f6 19. Qc7 fxg5 20. g3 Rc8 21. Qe5 Kf7 22. Rhe1 Rhe8 23. hxg5 c4 24. g4 Bd7 25. gxh5 gxh5 26. g6+ Kg8 27. Qxh5 Kg7 28. Qh7+ Kf6 0-1

[Event "*** SCC Grand Prix: Titled Tuesday Blitz"]
[Site "Chess.com"]
[Date "2020.08.25"]
[Round "5"]
[White "Chess_Dog06"]
[Black "Ariadna_Atreides"]
[Result "1-0"]
[WhiteElo "2293"]
[BlackElo "2046"]
[TimeControl "180+1"]
[EndTime "10:57:08 PDT"]
[Termination "Chess_Dog06 won by resignation"]

1. Nf3 d5 2. d4 Nf6 3. Bg5 Ne4 4. Bf4 c5 5. e3 Qb6 6. b3 Bg4 7. Be2 e6 8. O-O Nc6 9. c3 Be7 10. h3 Bxf3 11. Bxf3 O-O 12. Bxe4 dxe4 13. Nd2 f5 14. Nc4 Qd8 15. Ne5 Nxe5 16. Bxe5 Bd6 17. Bxd6 Qxd6 18.
Qe2 e5 19. Qc4+ Kh8 20. Qxc5 Qxc5 21. dxc5 Rac8 22. b4 b6 23. cxb6 axb6 24. Rac1 Rc4 25. Rfd1 Rfc8 26. Rd6 Rxb4 27. cxb4 Rxc1+ 28. Kh2 g6 29. Rxb6 Rc2 30. a4 Rxf2 31. a5 f4 32. exf4 exf4 33. a6 Ra2 34. b5 f3 35. Re6 f2 36.
Rf6 e3 37. Kg3 e2 38. Kxf2 Kg7 39. Rf3 g5 40. Re3 Kg6 41. Rxe2 Ra5 42. Rb2 Kf5 43. b6 1-0

[Event "*** SCC Grand Prix: Titled Tuesday Blitz"]
[Site "Chess.com"]
[Date "2020.08.25"]
[Round "5"]
[White "Aradej"]
[Black "Th3_Hound"]
[Result "1-0"]
[WhiteElo "2432"]
[BlackElo "2612"]
[TimeControl "180+1"]
[EndTime "10:57:09 PDT"]
[Termination "Aradej won by resignation"]

1. d4 Nf6 2. Nf3 g6 3. e3 Bg7 4. Be2 O-O 5. O-O b6 6. c4 Bb7 7. Nc3 d6 8. Qc2 e6 9. Rd1 Qe7 10. b4 Nbd7 11. a4 c5 12. b5 cxd4 13. exd4 Rfc8 14.
Ba3 Bf8 15. Qb3 Qe8 16. Rac1 d5 17. Bxf8 Qxf8 18. a5 dxc4 19. Bxc4 Bxf3 20. gxf3 bxa5 21. d5 Nb6 22. Ne4 Nfxd5 23. Bxd5 Nxd5 24. Rc6 Qb4 25. Qd3 a4 26. Rb1 Qe7 27. Qc4 Rd8 28. Qxa4 f5 29.
Ng3 h5 30. Re1 Rd6 31. Qc4 Rad8 32. h4 Kf7 33. Kh2 Nb6 34. Qf4 Rd4 35. Qh6 Qxh4+ 36. Kg2 Qf6 37. Rcxe6 Qxe6 38. Rxe6 Kxe6 39. Qxg6+ Kd5 40.
Nxf5 Rd1 41. Ne3+ 1-0

[Event "*** SCC Grand Prix: Titled Tuesday Blitz"]
[Site "Chess.com"]
[Date "2020.08.25"]
[Round "5"]
[White "ruslansezdbekov"]
[Black "ChristopherYoo"]
[Result "0-1"]
[WhiteElo "2561"]
[BlackElo "2832"]
[TimeControl "180+1"]
[EndTime "10:57:11 PDT"]
[Termination "ChristopherYoo won by resignation"]

1. d4 Nf6 2. c4 g6 3. Nf3 Bg7 4. g3 O-O 5. Bg2 Nc6 6. O-O d5 7. cxd5 Nxd5 8. Nc3 e5 9. Bg5 f6 10. Nxd5 fxg5 11. Nxe5 Nxe5 12. dxe5 Bxe5 13. Qb3 Kh8 14. Rad1 c6 15. Ne3 Qe7 16. Nc4 Be6 17. Qc2 Bg7 18. b3 Rae8 19. e4 Qc5 20. Ne3 Bd4 21. Qxc5 Bxc5 22.
Rfe1 Rd8 23. h3 Bxe3 24. fxe3 Kg7 25. g4 Kf6 26. Rd4 c5 27. Rxd8 Rxd8 28. e5+ Kxe5 29.
Bxb7 Rd2 30. Ra1 Bd5 31. Bxd5 Kxd5 32. Rf1 Rxa2 33. Rf7 Re2 34. Rxa7 Rxe3 35. Rxh7 Rxb3 36. Kg2 c4 37. Rc7 Rd3 38. Kh2 Kd4 39. Kg2 c3 40. Kh2 Ke3 41. Kg3 Kd2+ 42. Kg2 c2 0-1

[Event "*** SCC Grand Prix: Titled Tuesday Blitz"]
[Site "Chess.com"]
[Date "2020.08.25"]
[Round "5"]
[White "Nafania1"]
[Black "UmbertoConcelli"]
[Result "1-0"]
[WhiteElo "2456"]
[BlackElo "2707"]
[TimeControl "180+1"]
[EndTime "10:57:11 PDT"]
[Termination "Nafania1 won by resignation"]

1. e4 c5 2. Nf3 d6 3. Bb5+ Bd7 4. Bxd7+ Nxd7 5. O-O Ngf6 6. Qe2 e6 7. b3 Be7 8. Bb2 O-O 9. c4 a6 10. d4 cxd4 11.
Nxd4 Rc8 12. Nc3 Qa5 13. Rad1 Rfd8 14. Kh1 Qh5 15. Qxh5 Nxh5 16. f4 Nc5 17. g3 Nf6 18. Rfe1 Bf8 19. Kg2 d5 20. cxd5 exd5 21. e5 Nfe4 22.
Nde2 Nxc3 23. Nxc3 d4 24. Ne2 Ne6 25. Rc1 d3 26.
Rxc8 Rxc8 27. Nd4 Nxd4 28. Bxd4 Rc2+ 29. Kf3 Bb4 30. Rd1 d2 31. Be3 Rxa2 32. f5 g6 33. f6 Rb2 34. Ke4 Rxb3 35. Bxd2 Bf8 36. Be3 Rb4+ 37. Kf3 Rb5 38. Rd8 Rb3 39. Ke4 Rb4+ 40.
Kd3 Rb3+ 41. Kd2 Rxe3 42. Kxe3 b5 43. Kd4 a5 44. Ra8 a4 45. Kd5 a3 46. g4 b4 47. Kc4 g5 48. Kb3 h6 49. h3 1-0

[Event "*** SCC Grand Prix: Titled Tuesday Blitz"]
[Site "Chess.com"]
[Date "2020.08.25"]
[Round "5"]
[White "SzMM19"]
[Black "Bastiandash"]
[Result "1-0"]
[WhiteElo "2537"]
[BlackElo "2394"]
[TimeControl "180+1"]
[EndTime "10:57:13 PDT"]
[Termination "SzMM19 won on time"]

1. e4 c6 2. Nc3 d5 3. Nf3 dxe4 4.
Nxe4 Nf6 5. Qe2 Nxe4 6. Qxe4 Nd7 7. Bc4 Nf6 8. Ne5 e6 9. Qe2 Be7 10. O-O O-O 11. c3 c5 12. Rd1 b6 13. d4 cxd4 14.
Rxd4 Qc7 15. Bf4 Qb7 16. Bb5 Rb8 17. Nc6 Ra8 18. Nxe7+ Qxe7 19. Bd6 Qb7 20. Bxf8 Kxf8 21. Rd8+ Ke7 22. Rad1 a6 23. Qc4 Nd5 24. R1xd5 exd5 25. Re8+ Kf6 26. Qf4+ Kg6 27. Bd3+ f5 28. Qd6+ Kg5 29. h4+ Kxh4 30. Re7 Qb8 31. g3+ Kg5 32. Rxg7+ 1-0

[Event "*** SCC Grand Prix: Titled Tuesday Blitz"]
[Site "Chess.com"]
[Date "2020.08.25"]
[Round "5"]
[White "mapleaff"]
[Black "Klavdia_Nik"]
[Result "1-0"]
[WhiteElo "2344"]
[BlackElo "2066"]
[TimeControl "180+1"]
[EndTime "10:57:13 PDT"]
[Termination "mapleaff won on time"]

1. d4 Nf6 2. c4 c5 3. dxc5 Na6 4. Be3 e6 5. Nf3 Nxc5 6. Nc3 b6 7. g3 Bb7 8. Bg2 Be7 9. O-O O-O 10. Rc1 Rc8 11. Nb5 d5 12. b4 Nce4 13. cxd5 Nxd5 14. Rxc8 Qxc8 15. a3 Qc4 16. Qd3 Qxd3 17. exd3 Nec3 18. Nxc3 Nxc3 19. Nd4 Bxg2 20. Kxg2 Bf6 21. Nc6 Nd5 22.
Nxa7 Bb2 23. Bc1 Bf6 24. Nb5 Rc8 25. Be3 Rc2 26. Kf3 g5 27. h3 h5 28. g4 hxg4+ 29. hxg4 Kg7 30. Re1 Nc3 31. Nxc3 Rxc3 32. Bxb6 Rxa3 33.
Re3 Rb3 34. Bc5 Bc3 35. d4 Ra3 36. b5 1-0

[Event "*** SCC Grand Prix: Titled Tuesday Blitz"]
[Site "Chess.com"]
[Date "2020.08.25"]
[Round "5"]
[White "dbrankovic68"]
[Black "Aleksey_Sorokin"]
[Result "1/2-1/2"]
[WhiteElo "2496"]
[BlackElo "2710"]
[TimeControl "180+1"]
[EndTime "10:57:14 PDT"]
[Termination "Game drawn by stalemate"]

1. e4 c6 2. d4 d5 3. Nc3 dxe4 4. Nxe4 Bf5 5. Ng3 Bg6 6. Nf3 Nf6 7. Bd3 Bxd3 8.
Qxd3 e6 9. O-O Nbd7 10. Re1 Be7 11. c3 O-O 12. Ne4 Nxe4 13. Qxe4 Nf6 14. Qe2 Qb6 15. Bg5 h6 16. Bxf6 Bxf6 17. g3 Rfd8 18. Rab1 Rd7 19.
Nd2 Rad8 20. Ne4 Be7 21. Qe3 Rd5 22. Re2 c5 23. dxc5 Bxc5 24. Nxc5 Qxc5 25. Qxc5 Rxc5 26.
Rc1 Kf8 27. Rcc2 Rcd5 28. Kg2 Ke7 29. c4 Rd3 30. b3 g5 31. c5 Kd7 32. Rc4 Kc6 33. h4 R8d4 34. hxg5 Rxc4 35. bxc4 hxg5 36. Re5 g4 37. Re4 Kxc5 38. Rxg4 b6 39. Rf4 f5 40. g4 fxg4 41. Rxg4 Ra3 42. Re4 Rxa2 43. Kg3 Rc2 44.
f4 Rxc4 45. Rxe6 Rc1 46. f5 Rf1 47. Kg4 a5 48. f6 a4 49. Re5+ Kb4 50. Rf5 Rg1+ 51.
Kh5 Rg8 52. f7 Rf8 53. Kg6 b5 54. Kg7 Ra8 55. Re5 Ra7 56. Kf6 Rxf7+ 57. Kxf7 a3 58. Ke6 a2 59. Re1 Kc3 60. Kd5 b4 61. Re3+ Kd2 62.
Rb3 a1=Q 63. Rxb4 Qa5+ 64. Kc4 Qc7+ 65. Kb5 Kc3 66. Ra4 Qd7+ 67. Ka5 Qc6 68. Ra3+ Kc4 69. Rc3+ Kxc3 1/2-1/2

[Event "*** SCC Grand Prix: Titled Tuesday Blitz"]
[Site "Chess.com"]
[Date "2020.08.25"]
[Round "5"]
[White "Speshka"]
[Black "anon481216"]
[Result "0-1"]
[WhiteElo "2227"]
[BlackElo "2428"]
[TimeControl "180+1"]
[EndTime "10:57:15 PDT"]
[Termination "anon481216 won on time"]

1. e4 c5 2. Nf3 e6 3. d4 cxd4 4. Nxd4 Nc6 5. Nc3 Qc7 6. Be3 a6 7. Be2 Nf6 8. Qd2 Be7 9. O-O-O b5 10. f3 Bb7 11. g4 O-O 12. g5 Nh5 13. f4 Nxd4 14.
Bxh5 b4 15. Bxd4 bxc3 16. Bxc3 Bxe4 17. Qd4 Qxf4+ 18. Kb1 e5 19. Qxd7 Qxg5 20. Rhg1 Qxh5 21. Qxe7 Rfe8 22. Qb4 Bg6 23. Qd6 Qxh2 24. Qd2 Qxd2 25. Rxd2 f6 26. b4 Rad8 27. Rgd1 Rxd2 28. Rxd2 Rc8 29. Kb2 h5 30. a4 Be8 31. Kb3 h4 0-1

[Event "*** SCC Grand Prix: Titled Tuesday Blitz"]
[Site "Chess.com"]
[Date "2020.08.25"]
[Round "5"]
[White "MestreSoares"]
[Black "Nara_Kh"]
[Result "1-0"]
[WhiteElo "2140"]
[BlackElo "2309"]
[TimeControl "180+1"]
[EndTime "10:57:15 PDT"]
[Termination "MestreSoares won on time"]

1. Nf3 Nf6 2. b3 b6 3. Bb2 Bb7 4. e3 g6 5. Be2 Bg7 6. O-O O-O 7. d4 c5 8. c4 cxd4 9. Nxd4 d5 10. Nc3 e5 11. Nf3 e4 12. Nd4 dxc4 13. Bxc4 a6 14. Rc1 Nbd7 15. Be2 Qe7 16. Qd2 Ne5 17. Rfd1 Rfd8 18.
Qe1 h5 19. h3 Rac8 20. Na4 b5 21. Nc3 Nd3 22. Bxd3 exd3 23. Qd2 b4 24. Na4 Qe4 25. f3 Qe7 26. Rxc8 Rxc8 27. Rc1 Re8 28. Qxd3 Bh6 29. Re1 Bxe3+ 30. Kh1 Nd5 31. Bc1 Qh4 32. Rxe3 Nxe3 33. Bxe3 Qe1+ 34. Bg1 h4 35. Nc5 Bc8 36. Ne4 Qa1 37. Qd2 Rd8 38. Qh6 1-0

[Event "*** SCC Grand Prix: Titled Tuesday Blitz"]
[Site "Chess.com"]
[Date "2020.08.25"]
[Round "5"]
[White "KatarinaOstojic"]
[Black "AlexSuv"]
[Result "0-1"]
[WhiteElo "2310"]
[BlackElo "2486"]
[TimeControl "180+1"]
[EndTime "10:57:16 PDT"]
[Termination "AlexSuv won by resignation"]

1. d4 Nf6 2. Nf3 e6 3. e3 b6 4. Bd3 Bb7 5. O-O d6 6. c4 Nbd7 7. Nc3 e5 8. d5 g6 9. Bc2 Bg7 10. e4 O-O 11. h3 h6 12. Be3 Nh5 13.
Qd2 Kh7 14. Ne1 a5 15. b3 Qe7 16. Nd3 f5 17. exf5 gxf5 18. g4 Nhf6 19. gxf5 Qf7 20. f3 Qh5 21. Qg2 Rg8 22. Qg6+ Kh8 23. Kh2 Bf8 24.
Qxh5 Nxh5 25. f4 Ng3 26. Rg1 Nxf5 27. Rxg8+ Kxg8 28. Rg1+ Kh8 29. Bf2 Bc8 30. fxe5 Nxe5 31. Nxe5 dxe5 32. Ne4 Be7 33. Be1 Bd7 34. Bc3 Nd4 35.
Bd1 Rf8 36. Kg2 Bf5 37. Ng3 Bd3 38. Bg4 Bg5 39. Bxd4 exd4 40. Rd1 Bc2 41. Rxd4 Be3 42. Re4 Rf2+ 43. Kg1 Bxe4 44. Nxe4 Rf4+ 45. Kg2 Rxe4 46. Kf3 Re7 0-1

[Event "*** SCC Grand Prix: Titled Tuesday Blitz"]
[Site "Chess.com"]
[Date "2020.08.25"]
[Round "5"]
[White "Thee-Chessboy"]
[Black "margarita_2703"]
[Result "0-1"]
[WhiteElo "2515"]
[BlackElo "2402"]
[TimeControl "180+1"]
[EndTime "10:57:17 PDT"]
[Termination "margarita_2703 won by resignation"]

1. d4 Nf6 2. c4 c6 3. Nf3 d5 4. Qc2 g6 5. e3 Bf5 6. Bd3 Bxd3 7. Qxd3 Bg7 8. O-O Nbd7 9. Nc3 O-O 10. b3 Re8 11. Bb2 Rc8 12. Rfd1 Qa5 13. e4 dxe4 14. Nxe4 Nxe4 15. Qxe4 e5 16. dxe5 Nxe5 17. Nxe5 Bxe5 18. Bxe5 Rxe5 19. Qg4 Rce8 20. h4 Qc3 21. Qd7 Re1+ 22. Kh2 R1e2 23. Rf1 R8e7 24. Qd8+ Kg7 25. Rad1 Qf6 26.
Qd4 Qxd4 27. Rxd4 Rxa2 28. Rd3 b5 29. cxb5 cxb5 30. Kg3 a5 31. Rc1 a4 32. bxa4 bxa4 33.
Rc4 Ra7 34. Rdc3 a3 35. Rc7 Rxc7 36. Rxc7 Rb2 37. Ra7 a2 38. f3 Kf6 39. Kh3 Ke5 40.
Kg3 Kd4 0-1

[Event "*** SCC Grand Prix: Titled Tuesday Blitz"]
[Site "Chess.com"]
[Date "2020.08.25"]
[Round "5"]
[White "Hikaru"]
[Black "chito89"]
[Result "1-0"]
[WhiteElo "3221"]
[BlackElo "2783"]
[TimeControl "180+1"]
[EndTime "10:57:18 PDT"]
[Termination "Hikaru won by resignation"]

1. Nf3 Nf6 2. b3 d5 3. e3 Bg4 4. Bb2 e6 5. h3 Bh5 6. d3 c5 7. g4 Bg6 8. Nh4 Nc6 9. Nd2 Nd7 10. Ndf3 a5 11. a4 e5 12. c4 d4 13. Bg2 Be7 14.
Nxg6 hxg6 15. O-O O-O 16. Nd2 Qb6 17. Ne4 Nf6 18. Ng3 Rad8 19. Qe2 dxe3 20. fxe3 Qxb3 21. Ra3 Qb6 22. g5 Nh7 23. h4 Rd7 24. Bd5 Nb4 25. e4 Nxd5 26. exd5 f6 27. Ne4 fxg5 28. Rxf8+ Kxf8 29. Ra1 gxh4 30. Bxe5 Kg8 31. Qg4 Qd8 32. Qe6+ Kh8 33.
Rf1 Nf8 34. Qg4 Kg8 35. Qf4 Qe8 36. Bxg7 Kxg7 37. Qe5+ Kh6 38. Nf6 Qd8 39. Ng4+ Kh7 40. Rf7+ 1-0

[Event "*** SCC Grand Prix: Titled Tuesday Blitz"]
[Site "Chess.com"]
[Date "2020.08.25"]
[Round "5"]
[White "azikom"]
[Black "German_Bazeev"]
[Result "1-0"]
[WhiteElo "2628"]
[BlackElo "2826"]
[TimeControl "180+1"]
[EndTime "10:57:18 PDT"]
[Termination "azikom won on time"]

1. c4 e5 2. Nc3 Nc6 3. e3 Nf6 4. Nf3 Bb4 5. Qc2 Bxc3 6. Qxc3 d6 7. d3 O-O 8. Be2 e4 9. dxe4 Nxe4 10.
Qb3 a5 11. O-O a4 12. Qd1 Qf6 13. Nd4 a3 14. f3 Nc5 15. bxa3 Re8 16. Rb1 Na4 17.
Qd2 Nxd4 18. exd4 Bf5 19. Rxb7 Nc3 20. Qxc3 Rxe2 21. Rb2 Re7 22. h3 h6 23. Kh2 Rae8 24.
a4 c5 25. Rd1 Re2 26. Rxe2 Rxe2 27. Rd2 Re1 28. Rb2 Re8 29. Be3 Bc8 30. a5 Qe6 31. Bf2 Ba6 32. dxc5 Bxc4 33. cxd6 Qxd6+ 34. Bg3 Qd5 35. a3 Ba6 36. Rd2 Qa8 37. Be5 f6 38. Bg3 Bb7 39.
Qc4+ Kh7 40. Qd3+ Kg8 41. Qc3 Kh7 42. Rd7 Re2 43. Qd3+ Kg8 44. Qxe2 1-0